3084 views
Uploaded 2020-03-18 21:33:03
Game version 1.32.3
18:40 long 4on4 ladder game on (8)Deadlock_LV
Saved by Teelo
3084 views
Uploaded 2020-03-18 21:33:03
Game version 1.32.3
18:40 long 4on4 ladder game on (8)Deadlock_LV


166 units @ 23k
/ 3.2k
90 buildings @ 10.3k
/ 4.5k

| Acolyte | 8 | 600 | / | 0 |
| Ghoul | 16 | 1920 | / | 0 |
| Meat Wagon | 7 | 1610 | / | 350 |
| Necromancer | 13 | 1885 | / | 260 |
| Obsidian Statue | 4 | 800 | / | 140 |
| Abomination | 3 | 720 | / | 210 |
| total: | 51 | 7535g | / | 960w |
| Spirit Tower | 1 | 145 | / | 40 |
| Altar of Darkness | 1 | 180 | / | 50 |
| Ziggurat | 10 | 1500 | / | 500 |
| Crypt | 1 | 200 | / | 50 |
| Graveyard | 1 | 215 | / | 0 |
| Tomb of Relics | 1 | 130 | / | 30 |
| Temple of the Damned | 2 | 310 | / | 280 |
| Slaughterhouse | 1 | 140 | / | 135 |
| Halls of the Dead | 1 | 320 | / | 210 |
| Black Citadel | 2 | 650 | / | 460 |
| total: | 17 | 2675g | / | 1045w |
| 0:05 | Acolyte |
| 0:06 | Acolyte |
| 0:07 | Acolyte |
| 0:12 | Altar of Darkness |
| 0:16 | Ziggurat |
| 0:40 | Crypt |
| 0:59 | Graveyard |
| 1:49 | Acolyte |
| 1:51 | Ghoul |
| 1:51 | Ghoul |
| 1:51 | Ghoul |
| 1:51 | Ghoul |
| 2:04 | Ghoul |
| 2:04 | Ghoul |
| 2:12 | Vampiric Aura |
| 2:24 | Ghoul |
| 2:26 | Unholy Strength |
| 2:50 | Ziggurat |
| 2:54 | Cannibalize |
| 3:13 | Halls of the Dead |
| 3:21 | Ziggurat |
| 3:42 | Ghoul |
| 3:44 | Ghoul |
| 3:50 | Unholy Armor |
| 4:22 | Ghoul |
| 4:27 | Tomb of Relics |
| 4:37 | Ghoul |
| 4:57 | Creature Attack |
| 5:03 | Ghoul |
| 5:04 | Ghoul |
| 5:33 | Black Citadel |
| 5:45 | Ghoul |
| 6:41 | Carrion Swarm |
| 6:51 | Ghoul |
| 6:58 | Improved Unholy Strength |
| 7:03 | Temple of the Damned |
| 7:06 | Slaughterhouse |
| 7:10 | Temple of the Damned |
| 7:33 | Ghoul |
| 7:38 | Improved Unholy Armor |
| 7:45 | Ziggurat |
| 8:14 | Exhume Corpses |
| 8:57 | Skeletal Mastery |
| 8:57 | Necromancer Adept Training |
| 9:03 | Advanced Unholy Strength |
| 9:26 | Vampiric Aura |
| 9:30 | Meat Wagon |
| 9:31 | Meat Wagon |
| 9:34 | Necromancer |
| 9:34 | Necromancer |
| 9:41 | Acolyte |
| 10:02 | Acolyte |
| 10:05 | Acolyte |
| 10:21 | Necromancer Master Training |
| 10:27 | Obsidian Statue |
| 10:31 | Obsidian Statue |
| 10:31 | Obsidian Statue |
| 10:37 | Acolyte |
| 11:02 | Advanced Unholy Armor |
| 11:05 | Ghoul Frenzy |
| 11:12 | Necromancer |
| 11:12 | Necromancer |
| 11:12 | Necromancer |
| 11:14 | Necromancer |
| 11:22 | Ziggurat |
| 11:30 | Ziggurat |
| 11:44 | Meat Wagon |
| 11:44 | Meat Wagon |
| 12:04 | Necromancer |
| 12:04 | Necromancer |
| 12:05 | Necromancer |
| 12:12 | Ziggurat |
| 12:28 | Necromancer |
| 12:38 | Spirit Tower |
| 12:47 | Necromancer |
| 12:57 | Meat Wagon |
| 12:57 | Meat Wagon |
| 13:26 | Necromancer |
| 13:28 | Obsidian Statue |
| 14:17 | Necromancer |
| 14:54 | Ziggurat |
| 15:00 | Ziggurat |
| 15:03 | Improved Creature Attack |
| 15:04 | Creature Carapace |
| 15:11 | Disease Cloud |
| 15:12 | Meat Wagon |
| 15:38 | Ziggurat |
| 16:07 | Abomination |
| 16:07 | Abomination |
| 16:08 | Abomination |
| Right click | 497 |
| Select | 343 |
| Build/train/purchase | 114 |
| Select group | 47 |
| Misc. action | 11 |
| Assign group | 7 |
| Remove unit | 6 |
| Use ability | 2 |



| Scroll of Regeneration | 4 | 400 |
| Lesser Clarity Potion | 3 | 210 |
| Orb of Fire | 1 | 325 |
| Scroll of Town Portal | 1 | 350 |
| Sobi Mask | 1 | 400 |
| Pendant of Mana | 1 | 600 |
| total: | 11 | 2285g |
| Peasant | 14 | 1050 | / | 0 |
| Footman | 10 | 1350 | / | 0 |
| Knight | 6 | 1470 | / | 360 |
| Flying Machine | 4 | 400 | / | 120 |
| total: | 34 | 4270g | / | 480w |
| Scout Tower | 6 | 180 | / | 120 |
| Arcane Tower | 3 | 210 | / | 150 |
| Guard Tower | 2 | 140 | / | 100 |
| Altar of Kings | 1 | 180 | / | 50 |
| Farm | 9 | 720 | / | 180 |
| Barracks | 1 | 160 | / | 60 |
| Lumber Mill | 1 | 120 | / | 0 |
| Arcane Vault | 1 | 130 | / | 30 |
| Blacksmith | 1 | 140 | / | 60 |
| Town Hall | 1 | 385 | / | 205 |
| Arcane Sanctum | 1 | 150 | / | 140 |
| Workshop | 3 | 420 | / | 420 |
| Keep | 1 | 320 | / | 210 |
| Castle | 1 | 360 | / | 210 |
| total: | 25 | 2585g | / | 1265w |
| 0:04 | Peasant |
| 0:04 | Peasant |
| 0:15 | Altar of Kings |
| 0:18 | Farm |
| 0:21 | Peasant |
| 0:35 | Barracks |
| 0:40 | Peasant |
| 0:51 | Farm |
| 1:07 | Peasant |
| 1:08 | Peasant |
| 1:28 | Peasant |
| 1:38 | Farm |
| 1:41 | Footman |
| 1:49 | Scout Tower |
| 1:53 | Footman |
| 1:57 | Peasant |
| 1:57 | Peasant |
| 2:15 | Arcane Tower |
| 2:21 | Summon Water Elemental |
| 2:23 | Footman |
| 2:44 | Peasant |
| 2:44 | Footman |
| 2:52 | Farm |
| 3:18 | Scout Tower |
| 3:22 | Lumber Mill |
| 3:34 | Footman |
| 4:03 | Arcane Vault |
| 4:07 | Arcane Tower |
| 4:10 | Footman |
| 4:28 | Keep |
| 4:34 | Scout Tower |
| 4:38 | Scout Tower |
| 4:41 | Scout Tower |
| 5:08 | Guard Tower |
| 5:17 | Scroll of Regeneration |
| 5:18 | Lesser Clarity Potion |
| 5:58 | Footman |
| 5:59 | Guard Tower |
| 6:15 | Footman |
| 6:16 | Defend |
| 6:17 | Footman |
| 6:25 | Blacksmith |
| 8:25 | Castle |
| 8:29 | Arcane Sanctum |
| 8:33 | Brilliance Aura |
| 9:01 | Workshop |
| 9:05 | Workshop |
| 9:31 | Scroll of Regeneration |
| 9:37 | Storm Bolt |
| 9:40 | Footman |
| 9:58 | Workshop |
| 10:06 | Flak Cannons |
| 10:35 | Farm |
| 11:19 | Knight |
| 11:22 | Flying Machine |
| 11:27 | Farm |
| 11:31 | Farm |
| 11:34 | Scroll of Regeneration |
| 11:34 | Scroll of Regeneration |
| 11:48 | Peasant |
| 11:48 | Peasant |
| 11:48 | Peasant |
| 11:50 | Peasant |
| 11:52 | Improved Lumber Harvesting |
| 11:57 | Lesser Clarity Potion |
| 12:19 | Knight |
| 12:32 | Scroll of Town Portal |
| 12:49 | Thunder Clap |
| 12:49 | Thunder Clap |
| 13:44 | Town Hall |
| 13:50 | Scout Tower |
| 14:21 | Arcane Tower |
| 14:48 | Summon Water Elemental |
| 15:01 | Knight |
| 15:17 | Flying Machine |
| 15:27 | Lesser Clarity Potion |
| 15:39 | Knight |
| 16:01 | Flying Machine Bombs |
| 16:22 | Orb of Fire |
| 16:49 | Farm |
| 16:51 | Farm |
| 16:54 | Iron Plating |
| 17:04 | Holy Light |
| 17:52 | Storm Bolt |
| 17:56 | Flying Machine |
| 17:59 | Knight |
| 18:14 | Sobi Mask |
| 18:17 | Flying Machine |
| 18:23 | Pendant of Mana |
| 18:35 | Knight |
| Right click | 587 |
| Select group | 570 |
| Select | 269 |
| Assign group | 110 |
| Build/train/purchase | 97 |
| Misc. action | 89 |
| Chat | 48 |
| Use ability | 12 |
| Esc | 8 |
| Minimap ping | 7 |
| Item give/drop | 1 |

| Lesser Clarity Potion | 2 | 140 |
| Mechanical Critter | 2 | 100 |
| Potion of Healing | 1 | 150 |
| Potion of Mana | 1 | 200 |
| Boots of Speed | 1 | 250 |
| Staff of Teleportation | 1 | 150 |
| total: | 8 | 990g |
| Peasant | 20 | 1500 | / | 0 |
| Footman | 2 | 270 | / | 0 |
| Sorceress | 9 | 1395 | / | 180 |
| Mortar Team | 12 | 2160 | / | 840 |
| total: | 43 | 5325g | / | 1020w |
| Scout Tower | 7 | 210 | / | 140 |
| Guard Tower | 6 | 420 | / | 300 |
| Arcane Tower | 1 | 70 | / | 50 |
| Altar of Kings | 1 | 180 | / | 50 |
| Farm | 9 | 720 | / | 180 |
| Barracks | 1 | 160 | / | 60 |
| Lumber Mill | 1 | 120 | / | 0 |
| Arcane Vault | 1 | 130 | / | 30 |
| Blacksmith | 1 | 140 | / | 60 |
| Town Hall | 1 | 385 | / | 205 |
| Arcane Sanctum | 1 | 150 | / | 140 |
| Workshop | 2 | 280 | / | 280 |
| Keep | 1 | 320 | / | 210 |
| Castle | 1 | 360 | / | 210 |
| total: | 25 | 2475g | / | 1145w |
| 0:02 | Peasant |
| 0:02 | Peasant |
| 0:02 | Peasant |
| 0:22 | Altar of Kings |
| 0:31 | Peasant |
| 0:35 | Farm |
| 0:50 | Barracks |
| 1:05 | Farm |
| 1:11 | Peasant |
| 1:11 | Peasant |
| 1:12 | Peasant |
| 1:13 | Peasant |
| 1:21 | Lumber Mill |
| 1:54 | Footman |
| 1:58 | Arcane Vault |
| 2:04 | Farm |
| 2:14 | Scout Tower |
| 2:18 | Scout Tower |
| 2:23 | Blizzard |
| 2:40 | Peasant |
| 2:40 | Peasant |
| 2:47 | Guard Tower |
| 3:11 | Footman |
| 3:12 | Guard Tower |
| 3:17 | Blacksmith |
| 3:30 | Scout Tower |
| 4:21 | Keep |
| 4:22 | Guard Tower |
| 4:53 | Black Gunpowder |
| 5:37 | Brilliance Aura |
| 5:43 | Town Hall |
| 5:44 | Scout Tower |
| 5:45 | Scout Tower |
| 5:45 | Scout Tower |
| 5:52 | Improved Masonry |
| 5:57 | Studded Leather Armor |
| 6:03 | Lesser Clarity Potion |
| 6:03 | Lesser Clarity Potion |
| 6:05 | Mechanical Critter |
| 6:13 | Mechanical Critter |
| 6:20 | Guard Tower |
| 6:44 | Peasant |
| 6:44 | Peasant |
| 6:44 | Peasant |
| 6:44 | Peasant |
| 6:45 | Improved Lumber Harvesting |
| 6:49 | Guard Tower |
| 7:12 | Scout Tower |
| 7:13 | Peasant |
| 7:15 | Peasant |
| 7:15 | Peasant |
| 7:32 | Boots of Speed |
| 7:32 | Staff of Teleportation |
| 7:44 | Blizzard |
| 7:51 | Arcane Sanctum |
| 7:55 | Peasant |
| 8:08 | Guard Tower |
| 8:14 | Arcane Tower |
| 9:30 | Magic Sentry |
| 9:31 | Sorceress Adept Training |
| 9:33 | Castle |
| 9:35 | Workshop |
| 9:39 | Workshop |
| 9:48 | Peasant |
| 9:48 | Peasant |
| 10:02 | Sorceress |
| 10:02 | Sorceress |
| 10:02 | Sorceress |
| 10:02 | Sorceress |
| 10:03 | Sorceress |
| 10:09 | Farm |
| 10:11 | Farm |
| 10:44 | Flare |
| 10:45 | Mortar Team |
| 10:45 | Mortar Team |
| 10:58 | Refined Gunpowder |
| 11:11 | Mortar Team |
| 11:11 | Mortar Team |
| 11:44 | Farm |
| 11:45 | Farm |
| 11:47 | Farm |
| 11:47 | Farm |
| 12:24 | Fragmentation Shards |
| 12:25 | Mortar Team |
| 13:10 | Brilliance Aura |
| 13:31 | Mortar Team |
| 13:32 | Mortar Team |
| 14:01 | Potion of Healing |
| 14:01 | Potion of Mana |
| 14:07 | Advanced Masonry |
| 14:09 | Imbued Gunpowder |
| 14:11 | Sorceress Master Training |
| 14:16 | Sorceress |
| 14:16 | Sorceress |
| 14:16 | Sorceress |
| 14:18 | Mortar Team |
| 14:18 | Mortar Team |
| 14:57 | Mortar Team |
| 15:31 | Mortar Team |
| 15:33 | Reinforced Leather Armor |
| 16:05 | Mortar Team |
| 16:55 | Dragonhide Armor |
| 16:59 | Sorceress |
| 18:33 | Blizzard |
| Right click | 376 |
| Chat | 349 |
| Select group | 290 |
| Select | 187 |
| Build/train/purchase | 100 |
| Assign group | 56 |
| Use ability | 50 |
| Misc. action | 23 |
| Item give/drop | 2 |
| Remove unit | 2 |
| Minimap ping | 1 |


| Scroll of Regeneration | 5 | 500 |
| Lesser Clarity Potion | 2 | 140 |
| Potion of Healing | 1 | 150 |
| Orb of Fire | 1 | 325 |
| Scroll of Town Portal | 1 | 350 |
| Boots of Speed | 1 | 250 |
| Orb of Corruption | 1 | 375 |
| total: | 12 | 2090g |
| Peasant | 18 | 1350 | / | 0 |
| Footman | 5 | 675 | / | 0 |
| Rifleman | 1 | 205 | / | 30 |
| Gryphon Rider | 5 | 1400 | / | 350 |
| Knight | 2 | 490 | / | 120 |
| Dragonhawk Rider | 1 | 200 | / | 30 |
| Razormane Medicine Man | 2 | 700 | / | 120 |
| Harpy Windwitch | 2 | 480 | / | 60 |
| Harpy Rogue | 1 | 215 | / | 20 |
| Centaur Outrunner | 1 | 195 | / | 0 |
| total: | 38 | 5910g | / | 730w |
| Scout Tower | 1 | 30 | / | 20 |
| Guard Tower | 2 | 140 | / | 100 |
| Altar of Kings | 1 | 180 | / | 50 |
| Barracks | 1 | 160 | / | 60 |
| Farm | 14 | 1120 | / | 280 |
| Arcane Vault | 1 | 130 | / | 30 |
| Lumber Mill | 1 | 120 | / | 0 |
| Blacksmith | 1 | 140 | / | 60 |
| Town Hall | 1 | 385 | / | 205 |
| Gryphon Aviary | 2 | 280 | / | 300 |
| Keep | 1 | 320 | / | 210 |
| Castle | 1 | 360 | / | 210 |
| total: | 23 | 2545g | / | 1005w |
| 0:11 | Peasant |
| 0:16 | Altar of Kings |
| 0:20 | Barracks |
| 0:26 | Farm |
| 0:28 | Peasant |
| 0:39 | Peasant |
| 0:40 | Peasant |
| 0:56 | Peasant |
| 1:06 | Peasant |
| 1:14 | Peasant |
| 1:29 | Arcane Vault |
| 1:42 | Peasant |
| 1:46 | Farm |
| 1:52 | Farm |
| 2:02 | Peasant |
| 2:09 | Lumber Mill |
| 2:14 | Peasant |
| 2:24 | Footman |
| 2:24 | Footman |
| 2:34 | Storm Bolt |
| 2:42 | Footman |
| 2:48 | Scroll of Regeneration |
| 2:57 | Farm |
| 4:28 | Keep |
| 4:30 | Footman |
| 4:30 | Footman |
| 4:38 | Blacksmith |
| 4:49 | Improved Masonry |
| 4:56 | Scroll of Regeneration |
| 4:56 | Lesser Clarity Potion |
| 5:50 | Bash |
| 6:04 | Town Hall |
| 6:06 | Farm |
| 6:08 | Scout Tower |
| 6:23 | Rifleman |
| 6:40 | Scroll of Regeneration |
| 6:40 | Lesser Clarity Potion |
| 6:41 | Scroll of Regeneration |
| 6:53 | Farm |
| 6:57 | Peasant |
| 7:01 | Improved Lumber Harvesting |
| 7:27 | Boots of Speed |
| 7:42 | Bash |
| 7:45 | Castle |
| 7:52 | Peasant |
| 7:52 | Peasant |
| 7:55 | Guard Tower |
| 8:12 | Gryphon Aviary |
| 8:15 | Gryphon Aviary |
| 8:18 | Peasant |
| 8:18 | Peasant |
| 8:18 | Peasant |
| 8:36 | Razormane Medicine Man |
| 10:23 | Gryphon Rider |
| 10:25 | Knight |
| 10:26 | Animal War Training |
| 10:29 | Iron Forged Swords |
| 10:31 | Advanced Lumber Harvesting |
| 10:35 | Farm |
| 10:40 | Farm |
| 10:46 | Farm |
| 10:57 | Black Arrow |
| 11:12 | Storm Bolt |
| 11:19 | Farm |
| 11:22 | Farm |
| 11:46 | Farm |
| 12:01 | Peasant |
| 12:01 | Peasant |
| 12:11 | Farm |
| 12:36 | Razormane Medicine Man |
| 12:41 | Harpy Windwitch |
| 12:41 | Harpy Windwitch |
| 12:41 | Harpy Rogue |
| 12:42 | Centaur Outrunner |
| 13:08 | Silence |
| 13:41 | Gryphon Rider |
| 13:41 | Storm Hammers |
| 13:45 | Bash |
| 13:56 | Farm |
| 14:05 | Scroll of Regeneration |
| 14:11 | Scroll of Town Portal |
| 14:12 | Potion of Healing |
| 14:17 | Orb of Fire |
| 14:27 | Black Arrow |
| 14:39 | Dragonhawk Rider |
| 14:40 | Cloud |
| 14:45 | Knight |
| 15:05 | Orb of Corruption |
| 15:13 | Studded Leather Armor |
| 16:13 | Gryphon Rider |
| 16:16 | Steel Forged Swords |
| 17:23 | Silence |
| 17:42 | Gryphon Rider |
| 17:46 | Avatar |
| 18:27 | Gryphon Rider |
| Right click | 487 |
| Select | 295 |
| Build/train/purchase | 98 |
| Use ability | 31 |
| Misc. action | 11 |
| Chat | 11 |
| Item give/drop | 5 |
158 units @ 17.2k
/ 1.8k
56 buildings @ 9.5k
/ 3.4k

| Potion of Healing | 1 | 150 |
| Scroll of Town Portal | 1 | 350 |
| total: | 2 | 500g |
| Wisp | 17 | 1020 | / | 0 |
| Archer | 5 | 650 | / | 50 |
| Huntress | 11 | 2145 | / | 220 |
| Dryad | 13 | 1885 | / | 780 |
| Druid of the Claw | 1 | 255 | / | 80 |
| total: | 47 | 5955g | / | 1130w |
| Ancient Protector | 1 | 135 | / | 80 |
| Altar of Elders | 1 | 180 | / | 50 |
| Moon Well | 5 | 900 | / | 200 |
| Ancient of War | 1 | 150 | / | 60 |
| Hunter's Hall | 1 | 210 | / | 100 |
| Tree of Life | 1 | 340 | / | 185 |
| Ancient of Wonders | 1 | 90 | / | 30 |
| Ancient of Lore | 2 | 310 | / | 290 |
| Tree of Ages | 1 | 320 | / | 180 |
| Tree of Eternity | 1 | 330 | / | 200 |
| total: | 13 | 2315g | / | 995w |
| 0:03 | Wisp |
| 0:04 | Wisp |
| 0:04 | Wisp |
| 0:11 | Altar of Elders |
| 0:18 | Moon Well |
| 0:37 | Ancient of War |
| 0:55 | Wisp |
| 0:56 | Wisp |
| 1:33 | Moon Well |
| 1:46 | Archer |
| 2:08 | Archer |
| 2:18 | Immolation |
| 2:42 | Hunter's Hall |
| 2:44 | Wisp |
| 2:44 | Wisp |
| 2:44 | Wisp |
| 2:49 | Archer |
| 2:53 | Archer |
| 3:12 | Archer |
| 3:20 | Moon Well |
| 4:20 | Strength of the Moon |
| 4:25 | Ancient Protector |
| 4:28 | Huntress |
| 4:28 | Huntress |
| 5:09 | Moon Armor |
| 5:12 | Wisp |
| 5:32 | Huntress |
| 5:36 | Tree of Ages |
| 6:02 | Huntress |
| 6:11 | Moon Well |
| 6:34 | Evasion |
| 6:45 | Ultravision |
| 6:47 | Strength of the Wild |
| 6:49 | Huntress |
| 7:39 | Reinforced Hides |
| 7:43 | Huntress |
| 8:03 | Tree of Life |
| 8:22 | Ancient of Lore |
| 9:03 | Evasion |
| 10:07 | Dryad |
| 10:07 | Dryad |
| 10:07 | Dryad |
| 10:10 | Abolish Magic |
| 10:18 | Improved Strength of the Moon |
| 11:05 | Immolation |
| 11:16 | Dryad |
| 11:24 | Improved Reinforced Hides |
| 11:24 | Advanced Reinforced Hides |
| 11:28 | Wisp |
| 11:28 | Wisp |
| 11:28 | Wisp |
| 13:47 | Dryad |
| 13:48 | Dryad |
| 13:52 | Wisp |
| 13:52 | Wisp |
| 13:52 | Wisp |
| 13:52 | Wisp |
| 13:53 | Wisp |
| 14:14 | Huntress |
| 14:14 | Huntress |
| 14:14 | Huntress |
| 14:18 | Tree of Eternity |
| 14:20 | Improved Strength of the Wild |
| 14:23 | Improved Moon Armor |
| 14:30 | Moon Well |
| 14:59 | Ancient of Wonders |
| 15:02 | Dryad |
| 15:02 | Dryad |
| 15:04 | Druid of the Claw |
| 15:31 | Ancient of Lore |
| 15:36 | Dryad |
| 15:39 | Moon Glaive |
| 15:39 | Huntress |
| 15:51 | Huntress |
| 15:57 | Druid of the Claw Adept Training |
| 16:12 | Scroll of Town Portal |
| 16:17 | Potion of Healing |
| 17:06 | Dryad |
| 17:06 | Dryad |
| 17:08 | Dryad |
| 17:09 | Dryad |
| Right click | 368 |
| Select | 141 |
| Build/train/purchase | 80 |
| Select group | 30 |
| Minimap ping | 21 |
| Assign group | 20 |
| Use ability | 8 |



| Rod of Necromancy | 2 | 300 |
| Orb of Corruption | 1 | 375 |
| total: | 3 | 675g |
| Acolyte | 3 | 225 | / | 0 |
| Ghoul | 13 | 1560 | / | 0 |
| Crypt Fiend | 2 | 430 | / | 80 |
| Necromancer | 6 | 870 | / | 120 |
| total: | 24 | 3085g | / | 200w |
| Nerubian Tower | 2 | 200 | / | 40 |
| Altar of Darkness | 1 | 180 | / | 50 |
| Ziggurat | 6 | 900 | / | 300 |
| Crypt | 1 | 200 | / | 50 |
| Tomb of Relics | 1 | 130 | / | 30 |
| Graveyard | 1 | 215 | / | 0 |
| Temple of the Damned | 2 | 310 | / | 280 |
| Halls of the Dead | 1 | 320 | / | 210 |
| Black Citadel | 1 | 325 | / | 230 |
| total: | 12 | 1935g | / | 710w |
| 0:04 | Acolyte |
| 0:04 | Acolyte |
| 0:14 | Altar of Darkness |
| 0:16 | Ziggurat |
| 0:27 | Crypt |
| 0:38 | Acolyte |
| 0:57 | Tomb of Relics |
| 1:12 | Ziggurat |
| 1:34 | Graveyard |
| 1:35 | Ghoul |
| 1:55 | Ghoul |
| 2:14 | Ghoul |
| 2:18 | Rod of Necromancy |
| 2:33 | Ghoul |
| 2:39 | Carrion Swarm |
| 2:47 | Ghoul |
| 4:19 | Ghoul |
| 4:21 | Halls of the Dead |
| 4:22 | Crypt Fiend |
| 4:26 | Ghoul |
| 4:29 | Unholy Strength |
| 4:33 | Ziggurat |
| 4:49 | Ghoul |
| 4:51 | Ziggurat |
| 4:53 | Nerubian Tower |
| 5:53 | Ziggurat |
| 5:54 | Unholy Armor |
| 5:56 | Ghoul |
| 6:13 | Nerubian Tower |
| 7:15 | Black Citadel |
| 7:17 | Improved Unholy Strength |
| 7:18 | Ghoul |
| 8:08 | Temple of the Damned |
| 8:13 | Death Coil |
| 8:33 | Temple of the Damned |
| 9:04 | Ghoul |
| 9:06 | Improved Unholy Armor |
| 9:16 | Necromancer |
| 9:36 | Rod of Necromancy |
| 9:37 | Orb of Corruption |
| 9:40 | Skeletal Mastery |
| 9:44 | Necromancer Adept Training |
| 10:53 | Necromancer |
| 10:56 | Ghoul |
| 10:56 | Ghoul |
| 11:22 | Necromancer |
| 11:28 | Advanced Unholy Armor |
| 11:39 | Black Arrow |
| 11:49 | Necromancer |
| 11:50 | Necromancer Master Training |
| 12:18 | Necromancer |
| 12:24 | Ziggurat |
| 13:52 | Necromancer |
| 13:54 | Crypt Fiend |
| 16:53 | Unholy Aura |
| 16:57 | Vampiric Aura |
| 17:42 | Carrion Swarm |
| Right click | 582 |
| Select | 310 |
| Chat | 138 |
| Misc. action | 67 |
| Build/train/purchase | 67 |
| Use ability | 35 |
| Resource trade | 23 |
| Minimap ping | 2 |

| Wisp | 35 | 2100 | / | 0 |
| Archer | 23 | 2990 | / | 230 |
| total: | 58 | 5090g | / | 230w |
| Ancient Protector | 1 | 135 | / | 80 |
| Moon Well | 7 | 1260 | / | 280 |
| Altar of Elders | 1 | 180 | / | 50 |
| Ancient of War | 6 | 900 | / | 360 |
| Ancient of Wonders | 2 | 180 | / | 60 |
| Tree of Ages | 1 | 320 | / | 180 |
| total: | 17 | 2655g | / | 830w |
| 0:11 | Wisp |
| 0:11 | Wisp |
| 0:12 | Wisp |
| 0:12 | Wisp |
| 0:12 | Wisp |
| 0:12 | Wisp |
| 0:12 | Wisp |
| 0:12 | Wisp |
| 0:34 | Moon Well |
| 0:44 | Altar of Elders |
| 0:58 | Ancient of War |
| 1:57 | Moon Well |
| 2:07 | Ancient of Wonders |
| 2:11 | Archer |
| 2:16 | Wisp |
| 2:17 | Wisp |
| 2:17 | Wisp |
| 2:17 | Wisp |
| 2:17 | Wisp |
| 2:31 | Ancient of War |
| 2:41 | Archer |
| 2:54 | Archer |
| 3:05 | Moon Well |
| 3:08 | Trueshot Aura |
| 3:25 | Archer |
| 3:27 | Archer |
| 3:41 | Archer |
| 3:42 | Archer |
| 4:43 | Moon Well |
| 4:46 | Archer |
| 4:46 | Archer |
| 4:55 | Archer |
| 6:02 | Archer |
| 6:02 | Archer |
| 14:55 | Ancient of War |
| 14:59 | Wisp |
| 14:59 | Wisp |
| 14:59 | Wisp |
| 14:59 | Wisp |
| 14:59 | Wisp |
| 14:59 | Wisp |
| 15:11 | Wisp |
| 15:11 | Wisp |
| 15:12 | Wisp |
| 15:12 | Wisp |
| 15:26 | Archer |
| 15:26 | Archer |
| 15:27 | Archer |
| 15:27 | Archer |
| 15:27 | Archer |
| 15:27 | Archer |
| 15:27 | Archer |
| 15:27 | Archer |
| 15:36 | Moon Well |
| 15:49 | Ancient of War |
| 16:01 | Ancient of War |
| 16:05 | Ancient Protector |
| 16:12 | Wisp |
| 16:12 | Wisp |
| 16:12 | Wisp |
| 16:13 | Wisp |
| 16:13 | Wisp |
| 16:13 | Wisp |
| 16:13 | Wisp |
| 16:13 | Wisp |
| 16:36 | Moon Well |
| 16:39 | Moon Well |
| 16:45 | Archer |
| 16:45 | Archer |
| 16:45 | Archer |
| 16:52 | Ancient of War |
| 17:12 | Tree of Ages |
| 17:17 | Wisp |
| 17:18 | Wisp |
| 17:18 | Wisp |
| 17:18 | Wisp |
| 17:36 | Ancient of Wonders |
| 18:20 | Trueshot Aura |
| Chat | 408 |
| Select | 153 |
| Right click | 152 |
| Build/train/purchase | 66 |
| Misc. action | 17 |
| Assign group | 5 |
| Select group | 5 |
| Use ability | 2 |
| Item give/drop | 1 |

| Wisp | 19 | 1140 | / | 0 |
| Huntress | 10 | 1950 | / | 200 |
| total: | 29 | 3090g | / | 200w |
| Ancient Protector | 2 | 270 | / | 160 |
| Moon Well | 7 | 1260 | / | 280 |
| Altar of Elders | 1 | 180 | / | 50 |
| Hunter's Hall | 1 | 210 | / | 100 |
| Ancient of War | 2 | 300 | / | 120 |
| Tree of Life | 1 | 340 | / | 185 |
| total: | 14 | 2560g | / | 895w |
| 0:04 | Moon Well |
| 0:06 | Altar of Elders |
| 0:06 | Wisp |
| 0:24 | Wisp |
| 0:32 | Wisp |
| 0:46 | Wisp |
| 0:59 | Moon Well |
| 1:04 | Wisp |
| 1:22 | Wisp |
| 1:31 | Moon Well |
| 1:34 | Wisp |
| 1:43 | Wisp |
| 1:57 | Wisp |
| 2:07 | Searing Arrows |
| 2:11 | Hunter's Hall |
| 2:14 | Wisp |
| 2:40 | Ancient of War |
| 2:42 | Ancient of War |
| 2:53 | Wisp |
| 3:55 | Huntress |
| 3:55 | Huntress |
| 4:31 | Huntress |
| 4:31 | Huntress |
| 4:35 | Moon Well |
| 4:57 | Huntress |
| 5:03 | Huntress |
| 5:22 | Wisp |
| 6:35 | Huntress |
| 6:35 | Huntress |
| 7:31 | Huntress |
| 7:32 | Huntress |
| 9:03 | Tree of Life |
| 9:07 | Ancient Protector |
| 9:09 | Ancient Protector |
| 9:13 | Moon Well |
| 10:19 | Moon Well |
| 11:06 | Wisp |
| 11:27 | Wisp |
| 11:27 | Wisp |
| 11:27 | Wisp |
| 11:32 | Moon Well |
| 11:41 | Wisp |
| 11:42 | Wisp |
| 11:42 | Wisp |
| Assign group | 172 |
| Misc. action | 167 |
| Right click | 138 |
| Select group | 135 |
| Chat | 96 |
| Select | 84 |
| Build/train/purchase | 37 |
| Minimap ping | 21 |
| Resource trade | 19 |
| Use ability | 1 |
| Esc | 1 |
⇛